 Dungeon Crawl Stone Soup version 0.30-a0-939-gc8157cb160 (webtiles) character file.

Game seed: 1961605225641907970

100 gruber the Chiller (level 4, -1/30 HPs)
             Began as a Demonspawn Ice Elementalist on Mar 25, 2023.
             Succumbed to Duvessa's poison
             ... on level 4 of the Dungeon.
             The game lasted 00:04:40 (2951 turns).

gruber the Chiller (Demonspawn Ice Elementalist)    Turns: 2951, Time: 00:04:41

Health: -1/30      AC:  7    Str:  8    XL:     4   Next: 47%
Magic:  1/8        EV: 11    Int: 19    God:
Gold:   165        SH:  0    Dex: 13    Spells: 1/8 levels left

rFire   . . .      SeeInvis +    n - +2 dagger (venom)
rCold   . . .      Faith    .    (no shield)
rNeg    . . .      Spirit   .    i - +2 leather armour of the Unbroken {Regen+}
rPois   .          Reflect  .    o - +1 hat {SInv}
rElec   .          Rampage  .    (no cloak)
rCorr   .                        (no gloves)
Will    .....                    (no boots)
Stlth   ++                       (no amulet)
HPRegen 1.05/turn                (no ring)
MPRegen 0.11/turn                (no ring)

@: lethally poisoned (-1 -> -10), freezing walls
A: sharp scales 1
a: no special abilities


You were on level 4 of the Dungeon.
You visited 1 branch of the dungeon, and saw 4 of its levels.

You collected 165 gold pieces.

Inventory:

Hand Weapons
 n - a +2 dagger of venom (weapon)
Armour
 i - the +2 leather armour of the Unbroken (worn) {Regen+}
   (You found it on level 2 of the Dungeon)

   Regen:     It increases your rate of health regeneration.
 l - a +1 kite shield of poison resistance
 o - a +1 hat of see invisible (worn)
Scrolls
 a - a scroll of immolation {unknown}
 f - 2 scrolls of blinking {unknown}
 g - 2 scrolls of amnesia {unknown}
 j - a scroll of vulnerability {unknown}
 m - 2 scrolls of enchant armour {unknown}
 p - a scroll of teleportation {unknown}
Potions
 b - a potion of magic
 c - a potion of resistance {unknown}
 d - a potion of attraction {unknown}
 e - a potion of mutation {unknown}
 h - a potion of ambrosia {unknown}
 k - a potion of might {unknown}
 q - a potion of curing {unknown}


   Skills:
 - Level 1.7 Dodging
 - Level 1.7 Stealth
 + Level 2.9 Spellcasting
 + Level 5.0 Ice Magic


You had one spell level left.
You knew the following spells:

 Your Spells              Type           Power      Damage    Failure   Level
a - Freeze                Ice            84%        1d9       3%          1
b - Frozen Ramparts       Ice            42%        1d7       9%          3
c - Ozocubu's Armour      Ice            21%        N/A       9%          3

Your spell library contained the following spells:

 Spells                   Type           Power      Damage    Failure   Level
 Static Discharge         Conj/Air       4%         2-3/arc   34%         2
 Vhi's Electric Charge    Tloc/Air       4%         N/A       56%         3
 Summon Ice Beast         Ice/Summ       12%        N/A       63%         4
 Arcjolt                  Conj/Air       1%         1d11      99%         5
 Plasma Beam              Fire/Air       1%         2x1d12    99%         5


Dungeon Overview and Level Annotations

Branches:
Dungeon (4/15)
 Temple: D:4-7

Altars:
Ru
Sif Muna

Annotations:
D:4 Dowan


Innate Abilities, Weirdness & Mutations

You are partially covered in razor-sharp scales. (AC +1, Slay +1)


Message History

Unknown command.
Casting: Freeze (safe; 3% risk of failure)
Confirm with . or Enter, or press ? or * to list all spells.
Aiming: Freeze (safe; 3% risk of failure)
Press: ? - help, Shift-Dir - straight line, f/p - Duvessa
Aim: Duvessa, wielding a +2 rapier of venom, wearing a +0 ring mail and carrying a wand of flame (14) (heavily wounded, very poisoned)
You freeze Duvessa.
Duvessa is severely wounded.
You feel very sick. Duvessa misses you.
The wall freezes Dowan.
Dowan hits you with a +0 dagger.
* * * LOW HITPOINT WARNING * * *
Unknown command.
Unknown command.
Unknown command.
Casting: Freeze (safe; 3% risk of failure)
Confirm with . or Enter, or press ? or * to list all spells.
Aiming: Freeze (safe; 3% risk of failure)
Press: ? - help, Shift-Dir - straight line, f/p - Duvessa
Aim: Duvessa, wielding a +2 rapier of venom, wearing a +0 ring mail and carrying a wand of flame (14) (severely wounded, poisoned)
You freeze Duvessa!
Duvessa is almost dead.
You feel sick. Duvessa says, "Did you see that move?
Perfect!"
Duvessa hits you with a +2 rapier of venom.
* * * LOW HITPOINT WARNING * * *
You are more poisoned.
The wall freezes Dowan.
Dowan closely misses you.
Unknown command.
Unknown command.
Unknown command.
Casting: Freeze (safe; 3% risk of failure)
Confirm with . or Enter, or press ? or * to list all spells.
Aiming: Freeze (safe; 3% risk of failure)
Press: ? - help, Shift-Dir - straight line, f/p - Duvessa
Aim: Duvessa, wielding a +2 rapier of venom, wearing a +0 ring mail and carrying a wand of flame (14) (almost dead, poisoned)
You freeze Duvessa!
You kill Duvessa!
Dowan screams, "No!
No!"
Dowan seems to find hidden reserves of power!
You die...

.... ... ...
.. .#
########.###
.......e..?#
#@)..#
#....#
######


You could see Dowan (fast).

Vanquished Creatures
  Duvessa (D:4)
  4 adders (D:2)
  2 worms
  A dart slug (D:3)
  6 endoplasms
  A giant cockroach (D:3)
  7 goblins
  4 hobgoblins
  9 jackals
  5 kobolds
  3 quokkas
  2 ball pythons
  3 bats
  3 frilled lizards
  4 rats
55 creatures vanquished.

Notes
Turn   | Place    | Note
-------+----------+-------------------------------------------
     0 | D:1      | gruber the Demonspawn Ice Elementalist began the quest for
                  | the Orb.
     0 | D:1      | Reached XP level 1. HP: 13/13 MP: 3/3
   415 | D:1      | Reached skill level 4 in Ice Magic
   454 | D:1      | Gained mutation: You are partially covered in razor-sharp
                  | scales. (AC +1, Slay +1) [demonic ancestry]
   454 | D:1      | Reached XP level 2. HP: 19/19 MP: 3/5
  1066 | D:1      | Reached XP level 3. HP: 24/24 MP: 0/6
  1141 | D:1      | Learned a level 3 spell: Frozen Ramparts
  1463 | D:2      | Identified the +2 leather armour of the Unbroken {Regen+}
  1502 | D:2      | Reached XP level 4. HP: 28/30 MP: 3/7
  2043 | D:3      | Found a shimmering blue altar of Sif Muna.
  2099 | D:3      | Found a faded altar of an unknown god.
  2240 | D:3      | Found a sacrificial altar of Ru.
  2442 | D:3      | Reached skill level 5 in Ice Magic
  2878 | D:3      | Learned a level 3 spell: Ozocubu's Armour
  2944 | D:4      | Noticed Duvessa
  2944 | D:4      | Noticed Dowan
  2951 | D:4      | Killed Duvessa
  2951 | D:4      | Succumbed to Duvessa's poison

Illustrated notes

Levels and vault maps discovered:
D:1:      onia_arrival_mini_spirals, layout_basic,
          nicolae_concentric_dashed_squares_mild, minmay_quantized
D:2:      layout_basic, minmay_misc_feat_secret_circle,
          small_statue_intersection
D:3:      layout_basic, lemuel_round_altar, mainiacjoe_overflow_small_starburst,
          nicolae_ru_sacrificial_ziggurat,
          hellmonk_ecumenical_altar_pennies_from_heaven
D:4:      layout_rooms, serial_shops, nicolae_shop_statue_plus, uniq_duvessa

Skill      XL: |  1  2  3  4 |
---------------+-------------+-----
Ice Magic      | 4 5 |  5.0
Dodging        | |  1.7
Stealth        | |  1.7
Spellcasting   | |  2.9

Action                     |  1- 3 |  4- 6 || total
---------------------------+-------+-------++-------
  Melee: Unarmed           |    21 |     6 ||    27
         Dagger            |       |    30 ||    30
   Cast: Freeze            |    46 |    21 ||    67
         Frozen Ramparts   |     2 |     4 ||     6
   Stab: Sleeping          |       |     1 ||     1
 Armour: Robe              |    13 |       ||    13
         Leather armour    |       |    21 ||    21
  Dodge: Dodged            |    38 |    28 ||    66

Table legend: (Time is in decaauts)
 A = Elapsed time spent in this place.
 B = Non-inter-level travel time spent in this place.
 C = Inter-level travel time spent in this place.
 D = Time resting spent in this place.
 E = Time spent auto-exploring this place.
 F = Levels seen in this place.
 G = Mean time per level.
                   A        B        C        D        E       F      G
               +--------+--------+--------+--------+--------+-----+--------+
         Total |   2953 |   2806 |    147 |      0 |   2349 |   4 |  738.2 |
       Dungeon |   2953 |   2806 |    147 |      0 |   2349 |   4 |  738.2 |
               +--------+--------+--------+--------+--------+-----+--------+

Top non-repeatable levels by time:
     D:1: 1214 daAuts
     D:3: 947 daAuts
     D:2: 784 daAuts
     D:4: 6 daAuts
